 Dungeon Crawl Stone Soup version 0.31-b1-20-g67cafac56d (webtiles) character file.

Game seed: 6574826020754927965

1 Esekla the Sneak (level 1, -1/16 HPs)
             Began as an Octopode Delver on Jan 17, 2024.
             Succumbed to an adder's poison
             ... on level 5 of the Dungeon.
             The game lasted 00:01:17 (82 turns).

Esekla the Sneak (Octopode Delver)                    Turns: 82, Time: 00:01:18

Health: -1/16      AC:  1    Str: 11    XL:     1   Next: 20%
Magic:  1/1        EV: 13    Int: 12    God:
Gold:   16         SH:  0    Dex: 13    Spells: 0/0 levels left

rFire   . . .        a - +0 falchion
rCold   . . .        (no shield)
rNeg    . . .        (helmet restricted)
rPois   .            (no amulet)
rElec   .            (no ring)
rCorr   .            (no ring)
SInv    .            (no ring)
Will    .....        (no ring)
Stlth   ++++         (no ring)
HPRegen 0.22/turn    (no ring)
MPRegen 0.07/turn    (no ring)
                     (no ring)

%: no passive effects
@: lethally poisoned (-1 -> -12)
A: almost no armour, amphibious, 8 rings, camouflage 1, gelatinous body 1,
(nimble swimmer 1), tentacles
a: no special abilities


You were on level 5 of the Dungeon.
You visited 1 branch of the dungeon, and saw 1 of its levels.

You collected 16 gold pieces.

Inventory:

Hand Weapons
 a - a +0 falchion (weapon)
Wands
 f - a wand of digging (3)
Scrolls
 b - 2 scrolls of fog
 c - a scroll of silence {unknown}
 d - a scroll of fear
Potions
 e - a potion of haste


   Skills:
 * Level 3.0 Fighting
 * Level 2.0 Long Blades
 * Level 2.0 Dodging
 + Level 6.6 Stealth


You couldn't memorise any spells.
You didn't know any spells.
Your spell library was empty.

Dungeon Overview and Level Annotations

Branches:
Dungeon (5/15)             Temple (0/1) D:5

Altars:


Innate Abilities, Weirdness & Mutations

You cannot wear most types of armour.
You are amphibious.
You can wear up to eight rings at the same time.
Your skin changes colour to match your surroundings (Stealth+).
Your rubbery body absorbs attacks. (AC +1, EV +1)
((You are camouflaged when in or above water. (Stealth+)))
You have tentacles for arms and can constrict up to eight enemies at once.


Message History

There is an open door here.
The helpless jackal fails to defend itself.
You hit the jackal. Your grab misses the jackal. You squeeze the jackal.
You kill the jackal!
You see here a jackal corpse.
You open the door.
An iguana comes into view.
Found four items.
An adder comes into view.
There is an open door here.
The adder hisses angrily.
As you open the door, it creaks loudly!
An adder and an iguana come into view.
The iguana hisses angrily.
The adder hisses angrily.
The adder barely misses you. The iguana attacks as it pursues you!
The iguana closely misses you. The adder bites you.
You are poisoned.
The adder poisons you!
You feel sick.
There is an open door here.
You feel sick. The adder attacks as it pursues you! The adder bites you. x2
You are lethally poisoned!
The adder poisons you!
You feel very sick.
Okay, then.
Okay, then.
Okay, then.
Okay, then.
You hit the adder but do no damage. You grab the adder. You squeeze the adder.
The adder is moderately wounded.
You constrict the adder, but do no damage.
* * * LOW HITPOINT WARNING * * *
You feel sick. The adder bites you.
* * * LOW HITPOINT WARNING * * *
You are more poisoned.
The adder poisons you!
You hit the adder. You squeeze the adder.
You kill the adder!
You die...

..........###................,,,,
...####......................,,,,
..##.........................,,,,
..##..####'#######+#####.....,,,,
..*#.###.....##*,...,***.....,,,,
#.*#.#*##.....###....,**,.o..,,,,
*,*#.#,*##..†..###..h.,*,....,,,,
*,,#.#,,*##.....###....*,,,,,,,,,
**,..+,,,*##..l†@#*#...+,,,,,,,,,
**#.#,,,,*###'###**#..#,,,******
#.#,,,,,#..l..#,***,*,,*,,,,,,
#.#*,,,,#..?..#,,****,,,,,,,,,
*,***,,,+.$.!.'...#**,,,,,,,,,
*,****,,#..!..#S...#*,,*,,,,,,
*,*,***,#.....#.....#,,*,,,,,,
*,*,,***###+###*....#,,,,,,,,,
*,+,,,***,,,,,**#...+,,*****,,


You could see an iguana.

Vanquished Creatures
  An adder (D:5)
  A jackal (D:5)
2 creatures vanquished.

Notes
Turn   | Place    | Note
-------+----------+-------------------------------------------
     0 | D:5      | Esekla the Octopode Delver began the quest for the Orb.
     0 | D:5      | Reached XP level 1. HP: 16/16 MP: 1/1
    48 | D:5      | Noticed an orc wizard
    54 | D:5      | Noticed a hound
    71 | D:5      | Noticed an iguana
    75 | D:5      | Noticed an iguana
    82 | D:5      | Succumbed to an adder's poison

Illustrated notes

Levels and vault maps discovered:
D:5:      kennysheep_spiral_hall, layout_rooms, minmay_temple_entry_wispy,
          chequers_serial_rivers_room_b, minmay_quadrilaterals

Action                     || total
---------------------------++-------
  Melee: Falchion          ||     3
         Tentacles         ||     3
         Constrict         ||     1
    Use: Scroll            ||     1
   Stab: Sleeping          ||     1
 Armour: Skin              ||     4
  Dodge: Dodged            ||     2
